Cogmind - Beta 12 X6 @@@ ROGUE MODE // 2023.01.31 @ 19:27:42 Player: Lunatic Blue Result: Destroyed by B-75 Beast with Heavy Plasma Cannon Performance ------------- Evolutions (4) 2000 Regions Visited (14) 2800 Robots Destroyed (106) 530 Value Destroyed (3025) 3025 Prototype IDs (216) 4320 Alien Tech Used (0) 0 Bonus (3503) 3503 TOTAL SCORE: 16178 Bonus ------- High Alert Combat Kills 233 Met Data Miner 300 Used Data Conduit 3000 Friendly Fire -30 Cogmind --------- Core Integrity 0/850 Matter 162/300 Energy 97/100 System Corruption 18% Temperature Cool (12) Movement Flying (35) Location -6/Lower Caves Parts ------- > --- POWER (2) -------- (None) > --- PROPULSION (5) --- VTOL Module > --- UTILITY (6) ------ System Shield System Shield Improved Trap Extractor (1/6 Shock) > --- WEAPON (2) ------- (None) > --- INVENTORY (5) ---- Experimental Sensor Array Improved Propulsion Shielding Autogun Bore Cannon Peak State ------------ > --- POWER ------------ Light Angular Momentum Engine Light Fission Core > --- PROPULSION ------- Improved Flight Unit Improved Flight Unit Biomechanical Wings Biomechanical Wings Biomechanical Wings > --- UTILITY ---------- Medium Storage Unit Machine Analyzer Improved Signal Interpreter Hacking Suite Hacking Suite System Shield > --- WEAPON ----------- Katana > --- INVENTORY -------- Cesium-ion Thruster Structural Scanner Experimental Sensor Array Long-range Terrain Scanner Improved Propulsion Shielding Light Armor Plating System Shield Improved Trap Extractor Improved EM Pulse Cannon Linear Accelerator [Rating: 57] Favorites ----------- Power Ion Engine Engine Ion Engine Power Core Light Nuclear Core Propulsion Armored Treads Treads Armored Treads Leg Aluminum Leg Wheel Wheel Flight Unit Improved Flight Unit Utility High-capacity Storage Unit Device Structural Scanner Storage High-capacity Storage Unit Processor Targeting Computer Hackware System Shield Protection Hardened Heavy Armor Plating Weapon EM Pulse Gun Energy Gun EM Pulse Gun Energy Cannon Advanced Beam Cannon Ballistic Gun Gauss Rifle Ballistic Cannon Heavy Assault Cannon Launcher Heavy Rocket Launcher Slashing Weapon Katana Special Melee Weapon Improved Datajack Build | -11 -10 -10 -10 -9 -8 -7 -7 -7 -6 -6 -6 -6 -6 -6 ------- Run | Jun Mat Min Exi Min Mat Fac Low Dat Pro Fac Was Fac Low Low Slots Evolved 8 | . . . . . 4 2 . . . 2 . . . . Power 1 | . . . . . 1 . . . . . . . . . Propulsion 3 | . . . . . 1 2 . . . . . . . . Utility 4 | . . . . . 2 . . . . 2 . . . . Weapon . | . . . . . . . . . . . . . . . Parts Attached 135 | . 14 3 . 13 55 24 . . 3 2 . 8 6 7 Power 12 | . 1 . . 1 5 1 . . 1 . . 2 . 1 Engine 8 | . 1 . . 1 3 1 . . 1 . . 1 . . Core 4 | . . . . . 2 . . . . . . 1 . 1 Reactor . | . . . . . . . . . . . . . . . Propulsion 32 | . 2 1 . 1 15 6 . . . . . 3 2 2 Treads 13 | . 1 . . . 11 . . . . . . . 1 . Leg . | . . . . . . . . . . . . . . . Wheel 6 | . 1 1 . 1 3 . . . . . . . . . Hover . | . . . . . . . . . . . . . . . Flight 13 | . . . . . 1 6 . . . . . 3 1 2 Utility 36 | . 4 . . 5 8 9 . . 1 2 . 3 4 . Device 15 | . . . . 4 5 3 . . . . . 1 2 . Storage 5 | . 3 . . . . 1 . . . . . . 1 . Processor 6 | . 1 . . 1 1 2 . . 1 . . . . . Hackware 5 | . . . . . . 1 . . . 2 . 1 1 . Protection 5 | . . . . . 2 2 . . . . . 1 . . Artifact . | . . . . . . . . . . . . . . . Weapon 55 | . 7 2 . 6 27 8 . . 1 . . . . 4 Energy Gun 12 | . 4 1 . 2 3 . . . . . . . . 2 Energy Cannon 1 | . . . . . 1 . . . . . . . . . Ballistic Gun 4 | . . . . . 4 . . . . . . . . . Ballistic Cannon 9 | . . . . 1 7 . . . . . . . . 1 Launcher 13 | . 2 1 . 2 3 3 . . 1 . . . . 1 Special Weapon . | . . . . . . . . . . . . . . . Impact Weapon . | . . . . . . . . . . . . . . . Slashing Weapon 7 | . . . . . 6 1 . . . . . . . . Piercing Weapon . | . . . . . . . . . . . . . . . Special Melee Weapon 9 | . 1 . . 1 3 4 . . . . . . . . Unidentified Prototypes 5 | . . . . 1 3 1 . . . . . . . . Corrupted Parts 3 | . . . . 3 . . . . . . . . . . System Corruption 9 | . . . . 9 . . . . . . . . . . Parts Lost 24 | . 1 1 . 3 5 1 . . 2 . . 6 . 5 Power 4 | . . . . . 2 . . . . . . 1 . 1 Propulsion 7 | . . 1 . 1 3 . . . . . . 1 . 1 Utility 4 | . . . . . . 1 . . . . . 3 . . Weapon 9 | . 1 . . 2 . . . . 2 . . 1 . 3 Highest Loss Streak 6 | . 1 1 . 2 1 1 . . 2 . . 6 . 3 To Critical Strikes . | . . . . . . . . . . . . . . . Average Slot Usage (%) 87 | . 98 99 100 97 80 90 92 92 91 81 86 71 19 28 Engine 11 | . 14 14 14 14 11 7 7 7 7 6 6 2 . . Core 2 | . . . . . 5 . . . . . . 2 . . Treads 14 | . 4 14 14 14 22 . . . . . . . . . Leg 2 | . 18 . . . . . . . . . . . . . Wheel 6 | . 4 13 14 13 2 . . . . . . . . . Flight 4 | . . . . . . 38 38 38 38 33 33 29 . 7 Device 4 | . . . . 1 8 5 . . . . . . 6 6 Storage 10 | . 14 14 14 14 9 7 7 7 7 6 6 6 . . Processor 7 | . 12 14 14 12 . 7 15 15 15 13 13 6 . . Hackware 1 | . . . . . . 6 7 7 7 15 20 16 12 13 Protection 3 | . . . . . 8 . . . . . . . . . Energy Gun 12 | . 25 27 28 23 1 . . . . . . . . . Ballistic Cannon 2 | . . . . 1 6 . . . . . . . . . Slashing Weapon 1 | . . . . . 2 6 7 7 7 6 6 4 . . Special Melee Weapon 1 | . 2 . . . 1 5 7 7 5 . . . . . Naked Turns . | . . . . . . . . . . . . . . . Heaviest Build 88 | 14 49 49 49 52 88 24 21 21 21 20 20 31 10 11 Greatest Support 62 | 20 20 10 10 10 62 26 26 26 26 26 26 28 28 8 Greatest Overweight (x) 15 | . 4 4 4 15 8 . . . . . . 3 3 3 Average Overweight (x) 1 | . . 4 4 4 1 . . . . . . . . . Largest Inventory Capacity 35 | . 20 20 20 20 20 20 10 10 10 10 10 10 35 5 Average Capacity 17 | . 11 20 20 20 20 10 10 10 10 10 10 10 5 5 Most Carried 20 | . 13 19 20 20 20 20 10 10 10 10 10 10 10 5 Average Carried 15 | . 9 16 19 19 19 10 10 10 9 8 9 9 4 4 Final Capacity 20 | 8 20 20 20 20 20 10 10 10 10 10 10 10 5 5 Final Carried 20 | 6 13 19 20 20 20 10 10 10 9 8 10 10 5 4 Class Distribution -------------------- 57% | Mutant 25% | Scavenger-Mutant 8% | Sprinter 3% | Hacker-Sprinter 3% | Hacker-Mutant Dominant Class ---------------- Mutant | -10/Materials Mutant | -10/Mines Mutant | -10/Exiles Mutant | -9/Mines Scavenger-Mutant | -8/Materials Sprinter | -7/Factory Sprinter | -7/Lower Caves Sprinter | -7/Data Miner Sprinter | -6/Proximity Caves Hacker-Sprinter | -6/Factory Hacker-Sprinter | -6/Waste Hacker-Sprinter | -6/Factory Hacker-Mutant | -6/Lower Caves Hacker-Sprinter | -6/Lower Caves Resources | -11 -10 -10 -10 -9 -8 -7 -7 -7 -6 -6 -6 -6 -6 -6 ----------- Run | Jun Mat Min Exi Min Mat Fac Low Dat Pro Fac Was Fac Low Low Matter Collected 2596 | 195 200 60 . 158 1541 62 90 25 127 20 . . 22 96 Remotely . | . . . . . . . . . . . . . . . Salvage Created 2886 | . 468 275 . 174 1320 285 90 25 108 20 . 15 . 106 Parts 177 | . 42 5 . 7 92 16 . 1 1 3 . 2 . 8 Haulers Intercepted 7 | . 2 . . . 5 . . . . . . . . . Recyclers Shooed . | . . . . . . . . . . . . . . . Parts Field Recycled . | . . . . . . . . . . . . . . . Retrieved Matter . | . . . . . . . . . . . . . . . Parts Self-Destructed 2 | . . . . . . . . . 1 . . . . 1 Prevented 4 | . . . . . . . . . . . . . . 4 Kills | -11 -10 -10 -10 -9 -8 -7 -7 -7 -6 -6 -6 -6 -6 -6 ------- Run | Jun Mat Min Exi Min Mat Fac Low Dat Pro Fac Was Fac Low Low Combat Hostiles Destroyed 81 | . 14 10 . 3 36 10 . . 4 . . . . 4 Melee 6 | . . . . . 5 1 . . . . . . . . Guns 12 | . 4 6 . . 1 . . . . . . . . 1 Cannons 20 | . . . . . 20 . . . . . . . . . AOE 42 | . 9 4 . 3 10 9 . . 4 . . . . 3 Classes Destroyed 14 | . 5 2 . . 6 1 . . . . . . . . Worker 3 | . . . . . 2 1 . . . . . . . . Builder 8 | . 3 . . . 4 1 . . . . . . . . Hauler 7 | . 2 . . . 5 . . . . . . . . . Recycler 3 | . . 2 . 1 . . . . . . . . . . Mechanic 1 | . . . . . . 1 . . . . . . . . Operator 6 | . . . . . 2 2 . . . 1 . 1 . . Watcher 6 | . 3 . . . 3 . . . . . . . . . Swarmer 24 | . 9 . . . 9 . . . 2 . . . . 4 Grunt 31 | . 5 . . 3 15 7 . . 1 . . . . . Duelist 2 | . . . . . 1 1 . . . . . . . . Sentry 10 | . . . . . 9 . . . 1 . . . . . Hunter 3 | . . . . . 1 2 . . . . . . . . Heavy 1 | . . . . . 1 . . . . . . . . . Packrat 1 | . . . . . . . 1 . . . . . . . Assembled 10 | . . 10 . . . . . . . . . . . . Best Kill Streak 12 | . 8 6 . 3 6 12 . 1 4 1 . 1 . 3 Combat Bots Only 10 | . 6 6 . 3 5 10 . . 4 . . . . 3 Max Kills in Single Turn 6 | . 2 3 . 2 5 6 1 1 3 1 . 1 . 3 Gunslinging . | . . . . . . . . . . . . . . . Exploded 6 | . 2 3 . 2 5 6 . . 3 . . . . 2 Melee 1 | . . . . . 1 1 . . . . . . . . Uniques/NPCs Destroyed 1 | . . . . . . . . 1 . . . . . . Data Miner (-7/Data Miner) Combat | -11 -10 -10 -10 -9 -8 -7 -7 -7 -6 -6 -6 -6 -6 -6 -------- Run | Jun Mat Min Exi Min Mat Fac Low Dat Pro Fac Was Fac Low Low Damage Taken 5315 | . 422 159 . 129 2533 271 16 100 151 64 . 648 242 580 Core 1387 | . 80 12 . 24 176 69 . 100 61 16 . 273 222 354 Absorbed by Shields 19 | . . . . . . . . . . . . 19 . . Core Remaining (%) 72 | 100 . . . 53 68 . . . 67 . . . . . Volleys Fired 216 | . 33 31 . 7 133 3 . . 2 . . . . 7 Largest 2 | . 2 2 . 2 2 1 . . 1 . . . . 1 Hottest 134 | . 80 80 . 105 134 39 . . 39 . . . . 66 Shots Fired 312 | . 59 60 . 9 172 3 . . 2 . . . . 7 Gun 182 | . 52 58 . 7 60 . . . . . . . . 5 Cannon 106 | . . . . . 105 . . . . . . . . 1 Launcher 24 | . 7 2 . 2 7 3 . . 2 . . . . 1 Special . | . . . . . . . . . . . . . . . Kinetic 144 | . . . . . 143 . . . . . . . . 1 Thermal 25 | . . . . 3 22 . . . . . . . . . Explosive 23 | . 7 2 . 2 7 3 . . 2 . . . . . Electromagnetic 120 | . 52 58 . 4 . . . . . . . . . 6 Robot Hit Streak 16 | . 9 5 . 3 16 . . . 2 . . . . 5 Robot Miss Streak 8 | . 2 4 . 2 8 . . . . . . . . 4 Penetration Max 1 | . . . . . 1 . . . . . . . . . Secondary Targets . | . . . . . . . . . . . . . . . Shots Hit Robots 214 | . 43 25 . 5 122 8 1 1 2 2 . 1 . 4 Core Hits 157 | . 26 16 . 8 70 22 . 1 7 1 . 1 . 5 Critical Kills . | . . . . . . . . . . . . . . . Critical Parts Destroyed . | . . . . . . . . . . . . . . . Critical Strikes 9 | . . . . 2 7 . . . . . . . . . Burn 1 | . . . . 1 . . . . . . . . . . Blast 7 | . . . . . 7 . . . . . . . . . Corrupt 1 | . . . . 1 . . . . . . . . . . Melee Attacks 83 | . 1 . . . 31 32 1 6 1 5 . 6 . . Impact . | . . . . . . . . . . . . . . . Slashing 78 | . . . . . 30 29 1 6 1 5 . 6 . . Piercing . | . . . . . . . . . . . . . . . Sneak Attacks 13 | . 1 . . . 8 2 1 1 . . . . . . Combat Hostiles . | . . . . . . . . . . . . . . . Follow-up Attacks . | . . . . . . . . . . . . . . . Damage Inflicted 11105 | . 1294 586 . 284 5482 2514 68 73 378 93 . 81 . 252 Guns 1642 | . 547 286 . 50 677 . . . . . . . . 82 Cannons 3002 | . . . . . 3002 . . . . . . . . . Explosions 4821 | . 747 300 . 234 920 2080 . . 378 . . . . 162 Melee 1603 | . . . . . 883 434 68 73 . 93 . 52 . . Ramming 37 | . . . . . . . . . . . . 29 . 8 Kinetic 3438 | . . . . . 3438 . . . . . . . . . Thermal 1859 | . 45 86 . 35 241 1377 . . . . . . . 75 Explosive 3151 | . 702 214 . 234 920 703 . . 378 . . . . . Electromagnetic 1017 | . 547 286 . 15 . . . . . . . . . 169 Impact . | . . . . . . . . . . . . . . . Slashing 1603 | . . . . . 883 434 68 73 . 93 . 52 . . Piercing . | . . . . . . . . . . . . . . . Highest Corruption 18 | . . . . 10 . . . . . . 6 16 16 18 Average Corruption 12 | . . . . 8 . . . . . . 6 9 16 17 Corruption Purged . | . . . . . . . . . . . . . . . Corruption Blocked . | . . . . . . . . . . . . . . . Effects 24 | . . . . 4 . . . . . . 1 5 9 5 Message Errors 4 | . . . . 1 . . . . . . 1 1 . 1 Matter Fused 9 | . . . . 2 . . . . . . . 1 3 3 Heat Flow Errors 1 | . . . . . . . . . . . . 1 . . Energy Discharges 1 | . . . . . . . . . . . . . 1 . Parts Rejected 1 | . . . . . . . . . . . . . 1 . Data Loss (minor) 5 | . . . . 1 . . . . . . . . 4 . Data Loss (major) 1 | . . . . . . . . . . . . . . 1 Misdirections 2 | . . . . . . . . . . . . 2 . . Overload Shots . | . . . . . . . . . . . . . . . Overflow Damage 805 | . 36 3 . . 334 345 62 . 13 12 . . . . Projectiles 176 | . . . . . 176 . . . . . . . . . Explosions 321 | . 36 3 . . 34 235 . . 13 . . . . . Melee 308 | . . . . . 124 110 62 . . 12 . . . . Knockbacks 12 | . . . . . 12 . . . . . . . . . Impact . | . . . . . . . . . . . . . . . Kinetic 12 | . . . . . 12 . . . . . . . . . Secondary . | . . . . . . . . . . . . . . . Self-Inflicted Damage 255 | . 133 30 . . . 59 . . . . . 29 . 4 Shots 7 | . 3 1 . . . 3 . . . . . . . . Rammed 3 | . . . . . . . . . . . . . . 3 Targets Rammed 3 | . . . . . . . . . . . . . . 3 Kicked . | . . . . . . . . . . . . . . . Crushed . | . . . . . . . . . . . . . . . Highest Temperature 485 | . 228 86 . 45 485 29 . . 15 19 . 263 . . Average Temperature 116 | . 74 36 . 23 142 14 . . 6 10 . 137 . . Received Heat Transfer 1373 | . 90 38 . 42 756 129 9 . 45 45 . 72 135 12 Effects 14 | . . . . . 14 . . . . . . . . . Shutdowns 5 | . . . . . 5 . . . . . . . . . Energy Bleed 1 | . . . . . 1 . . . . . . . . . Interference 5 | . . . . . 5 . . . . . . . . . Matter Decay 1 | . . . . . 1 . . . . . . . . . Short Circuit 1 | . . . . . 1 . . . . . . . . . Damage (minor) 1 | . . . . . 1 . . . . . . . . . Siege Activations . | . . . . . . . . . . . . . . . Robots Corrupted 1 | . 1 . . . . . . . . . . . . . Combat Hostiles 1 | . 1 . . . . . . . . . . . . . Parts Fried 1 | . 1 . . . . . . . . . . . . . Impact Corruptions . | . . . . . . . . . . . . . . . Robots Melted . | . . . . . . . . . . . . . . . Combat Hostiles . | . . . . . . . . . . . . . . . Parts Melted 1 | . . . . . 1 . . . . . . . . . Heat Transferred 1803 | . 50 150 . 148 555 850 . . . . . . . 50 Parts Sabotaged . | . . . . . . . . . . . . . . . Parts Stolen . | . . . . . . . . . . . . . . . Parts Stripped . | . . . . . . . . . . . . . . . Power Chain Reactions 4 | . 1 2 . . . . . . . . . . . 1 Missiles Intercepted . | . . . . . . . . . . . . . . . Alert | -11 -10 -10 -10 -9 -8 -7 -7 -7 -6 -6 -6 -6 -6 -6 ------- Run | Jun Mat Min Exi Min Mat Fac Low Dat Pro Fac Was Fac Low Low Peak Influence 817 | . 414 55 . 80 617 817 . . . 131 60 233 . . Initial 270 | . . 24 . . 1 270 . . . 44 45 42 . . Average 239 | . 269 10 . 31 391 332 . . . 72 48 105 . . Maximum Alert Level 3 | . 2 . . . 2 3 . . . . . 1 . . Low Security (%) 42 | . 17 100 . 100 10 . . . . 100 100 95 . . Level 1 34 | . 62 . . . 43 89 . . . . . 4 . . Level 2 23 | . 19 . . . 46 6 . . . . . . . . Level 3 . | . . . . . . 3 . . . . . . . . Level 4 . | . . . . . . . . . . . . . . . Level 5 . | . . . . . . . . . . . . . . . High Security . | . . . . . . . . . . . . . . . Max Security . | . . . . . . . . . . . . . . . Squads Dispatched 17 | . 1 . . . 6 3 . . . 4 . 3 . . Investigation 8 | . 1 . . . 2 1 . . . 3 . 1 . . Extermination . | . . . . . . . . . . . . . . . Reinforcement 8 | . . . . . 3 2 . . . 1 . 2 . . Assault . | . . . . . . . . . . . . . . . Garrison 1 | . . . . . 1 . . . . . . . . . Intercept . | . . . . . . . . . . . . . . . Searches Triggered . | . . . . . . . . . . . . . . . Construction Impeded . | . . . . . . . . . . . . . . . Haulers Reinforced . | . . . . . . . . . . . . . . . Active Scanning Responses . | . . . . . . . . . . . . . . . Cargo Convoy Interrupts . | . . . . . . . . . . . . . . . Stealth | -11 -10 -10 -10 -9 -8 -7 -7 -7 -6 -6 -6 -6 -6 -6 --------- Run | Jun Mat Min Exi Min Mat Fac Low Dat Pro Fac Was Fac Low Low Distress Signals 9 | . . . . . 8 . . . . . . 1 . . Communications Jammed . | . . . . . . . . . . . . . . . Distress Signals . | . . . . . . . . . . . . . . . Times Spotted 185 | . 16 17 . 3 65 24 3 4 5 8 5 20 10 5 Peak Tracking Total 14 | . 7 6 . 3 8 11 3 4 5 5 5 14 4 4 Tactical Retreats 17 | . . 1 . . 4 4 . . . 1 . 2 5 . Traps | -11 -10 -10 -10 -9 -8 -7 -7 -7 -6 -6 -6 -6 -6 -6 ------- Run | Jun Mat Min Exi Min Mat Fac Low Dat Pro Fac Was Fac Low Low Traps Triggered 8 | . . . . 1 1 2 . . . 1 . 3 . . Indirectly . | . . . . . . . . . . . . . . . Trap Hack Attempts 49 | . 45 . . . 4 . . . . . . . . . Triggered . | . . . . . . . . . . . . . . . Disarmed . | . . . . . . . . . . . . . . . Reprogrammed 4 | . 3 . . . 1 . . . . . . . . . Reused . | . . . . . . . . . . . . . . . Traps Extracted 1 | . . . . . 1 . . . . . . . . . Installed . | . . . . . . . . . . . . . . . Triggered . | . . . . . . . . . . . . . . . Most Traps Carried 1 | . . . . . 1 1 1 1 1 1 1 1 1 1 Machines | -11 -10 -10 -10 -9 -8 -7 -7 -7 -6 -6 -6 -6 -6 -6 ---------- Run | Jun Mat Min Exi Min Mat Fac Low Dat Pro Fac Was Fac Low Low Machines Disabled 19 | . 2 . . . 2 15 . . . . . . . . Max in Single Turn 6 | . 2 . . . 1 6 . . . . . . . . Machines Repaired . | . . . . . . . . . . . . . . . Machines Sabotaged . | . . . . . . . . . . . . . . . Overloaded Fab Kills . | . . . . . . . . . . . . . . . Hacking | -11 -10 -10 -10 -9 -8 -7 -7 -7 -6 -6 -6 -6 -6 -6 --------- Run | Jun Mat Min Exi Min Mat Fac Low Dat Pro Fac Was Fac Low Low Machines Accessed 41 | . 9 . 1 1 9 8 . 4 . 5 . 4 . . Terminals 27 | . 8 . . . 6 6 . . . 4 . 3 . . Fabricators 1 | . . . . . . . . . . 1 . . . . Repair Stations 1 | . . . . . 1 . . . . . . . . . Recycling Units 2 | . 1 . . . 1 . . . . . . . . . Scanalyzers 2 | . . . . . 1 1 . . . . . . . . Garrison Access 2 | . . . . . . 1 . . . . . 1 . . Total Hacks 135 | . 30 . 1 1 23 25 . 27 . 17 . 11 . . Successful 70 | . 17 . 1 1 11 9 . 27 . 3 . 1 . . Failed 64 | . 12 . . . 12 16 . . . 14 . 10 . . Catastrophic 15 | . . . . . 2 5 . . . 5 . 3 . . Database Lockouts 1 | . 1 . . . . . . . . . . . . . Manual 64 | . 20 . . . 13 8 . . . 13 . 10 . . Terminals 86 | . 29 . . . 17 14 . . . 16 . 10 . . Fabricators 1 | . . . . . . . . . . 1 . . . . Repair Stations 1 | . . . . . 1 . . . . . . . . . Recycling Units 2 | . 1 . . . 1 . . . . . . . . . Scanalyzers 13 | . . . . . 4 9 . . . . . . . . Garrison Access 3 | . . . . . . 2 . . . . . 1 . . Terminal Hacks 50 | . 12 . 1 1 6 . . 27 . 2 . 1 . . Record 12 | . . . 1 . . . . 11 . . . . . . Part Schematic 10 | . . . . . . . . 9 . 1 . . . . Robot Schematic 4 | . . . . . . . . 4 . . . . . . Robot Analysis 2 | . 2 . . . . . . . . . . . . . Prototype ID Bank 4 | . . . . . 1 . . 3 . . . . . . Open Door 1 | . . . . 1 . . . . . . . . . . Branch Access Points 2 | . 1 . . . . . . . . . . 1 . . Emergency Access Points 1 | . 1 . . . . . . . . . . . . . Terminal Index 2 | . 1 . . . 1 . . . . . . . . . Recycling Unit Index 1 | . . . . . 1 . . . . . . . . . Alert Level 2 | . . . . . 1 . . . . 1 . . . . Unreport Threat 2 | . 1 . . . 1 . . . . . . . . . Locate Traps 1 | . 1 . . . . . . . . . . . . . Patrol Status 1 | . 1 . . . . . . . . . . . . . Registered Components 1 | . 1 . . . . . . . . . . . . . Zone Layout 4 | . 3 . . . 1 . . . . . . . . . Fabricator Hacks 1 | . . . . . . . . . . 1 . . . . Network Status 1 | . . . . . . . . . . 1 . . . . Repair Station Hacks . | . . . . . . . . . . . . . . . Recycling Unit Hacks . | . . . . . . . . . . . . . . . Scanalyzer 10 | . . . . . 2 8 . . . . . . . . Insert Component 5 | . . . . . 1 4 . . . . . . . . Analyze 5 | . . . . . 1 4 . . . . . . . . Garrison Access Hacks . | . . . . . . . . . . . . . . . Unauthorized Hacks 9 | . 5 . . . 3 1 . . . . . . . . Terminals 6 | . 4 . . . 1 1 . . . . . . . . Assimilate 1 | . . . . . . 1 . . . . . . . . Botnet 3 | . 3 . . . . . . . . . . . . . Operators 2 | . 1 . . . 1 . . . . . . . . . Fabricators . | . . . . . . . . . . . . . . . Repair Stations 1 | . . . . . 1 . . . . . . . . . Mechanics 1 | . . . . . 1 . . . . . . . . . Recycling Units 2 | . 1 . . . 1 . . . . . . . . . Tunnel 2 | . 1 . . . 1 . . . . . . . . . Scanalyzers . | . . . . . . . . . . . . . . . Garrison Access . | . . . . . . . . . . . . . . . Data Cores Recovered 1 | . . . . . . 1 . . . . . . . . Used . | . . . . . . . . . . . . . . . Hacking Detections 32 | . 8 . . . 7 8 . . . 5 . 4 . . Full Trace Events 5 | . 1 . . . . . . . . 3 . 1 . . Feedback Events 1 | . . . . . . . . . . . . 1 . . Corruption 1 | . . . . . . . . . . . . 1 . . Feedback Blocked . | . . . . . . . . . . . . . . . Robot Schematics Acquired 4 | . . . . . . . . 4 . . . . . . Robots Built . | . . . . . . . . . . . . . . . Authchips . | . . . . . . . . . . . . . . . Time . | . . . . . . . . . . . . . . . Total Robot Build Rating . | . . . . . . . . . . . . . . . Part Schematics Acquired 14 | . . . . . . 4 . 9 . 1 . . . . Parts Built . | . . . . . . . . . . . . . . . Authchips . | . . . . . . . . . . . . . . . Time . | . . . . . . . . . . . . . . . Total Part Build Rating . | . . . . . . . . . . . . . . . Parts Repaired . | . . . . . . . . . . . . . . . Time . | . . . . . . . . . . . . . . . Parts Recycled . | . . . . . . . . . . . . . . . Recycled Matter . | . . . . . . . . . . . . . . . Retrieved Matter . | . . . . . . . . . . . . . . . Retrieved Components . | . . . . . . . . . . . . . . . Parts Scanalyzed 5 | . . . . . 1 4 . . . . . . . . Part Schematics Acquired 4 | . . . . . . 4 . . . . . . . . Parts Damaged . | . . . . . . . . . . . . . . . Bothacking | -11 -10 -10 -10 -9 -8 -7 -7 -7 -6 -6 -6 -6 -6 -6 ------------ Run | Jun Mat Min Exi Min Mat Fac Low Dat Pro Fac Was Fac Low Low Used RIF Installer . | . . . . . . . . . . . . . . . Robots Hacked 1 | . 1 . . . . . . . . . . . . . Non-combat 1 | . 1 . . . . . . . . . . . . . Combat . | . . . . . . . . . . . . . . . Robot Hacks Applied 1 | . 1 . . . . . . . . . . . . . parse_system 1 | . 1 . . . . . . . . . . . . . Relay Couplers Released . | . . . . . . . . . . . . . . . Fabnet Peak Effective % . | . . . . . . . . . . . . . . . Robots Rewired . | . . . . . . . . . . . . . . . Allies Hacked . | . . . . . . . . . . . . . . . Hacks Repelled . | . . . . . . . . . . . . . . . Allies | -11 -10 -10 -10 -9 -8 -7 -7 -7 -6 -6 -6 -6 -6 -6 -------- Run | Jun Mat Min Exi Min Mat Fac Low Dat Pro Fac Was Fac Low Low Total Allies 3 | . . 3 . . . . . . . . . . . . Largest Group 3 | . . 3 . . . . . . . . . . . . Highest-Rated Group 40 | . . 40 . . . . . . . . . . . . Highest-Rated Ally 16 | . . 16 . . . . . . . . . . . . Total Orders . | . . . . . . . . . . . . . . . Ally Attacks 33 | . . 33 . . . . . . . . . . . . Total Damage 299 | . . 299 . . . . . . . . . . . . Kills 6 | . . 6 . . . . . . . . . . . . Allies Corrupted . | . . . . . . . . . . . . . . . Allies Melted . | . . . . . . . . . . . . . . . Intel | -11 -10 -10 -10 -9 -8 -7 -7 -7 -6 -6 -6 -6 -6 -6 ------- Run | Jun Mat Min Exi Min Mat Fac Low Dat Pro Fac Was Fac Low Low Robot Analysis Total 133 | . 2 . . . . . . 131 . . . . . . Derelict Logs Recovered 4 | . . 2 . . . . . . . . . . 2 . Drone Launches . | . . . . . . . . . . . . . . . Drone Recoveries . | . . . . . . . . . . . . . . . Exploration | -11 -10 -10 -10 -9 -8 -7 -7 -7 -6 -6 -6 -6 -6 -6 ------------- Run | Jun Mat Min Exi Min Mat Fac Low Dat Pro Fac Was Fac Low Low Turns Passed 7354 | . 936 1419 417 645 2774 444 24 50 81 65 25 142 212 120 Spaces Moved 5999 | 1 630 940 298 421 1007 1057 75 100 248 174 80 346 391 231 Core 426 | . . . . 1 . . . . . . . 4 376 45 Treads 697 | . . . . . 694 . . . . . . . 3 . Legs 378 | 1 377 . . . . . . . . . . . . . Wheels 2224 | . 253 940 298 420 313 . . . . . . . . . Hover . | . . . . . . . . . . . . . . . Flight 2274 | . . . . . . 1057 75 100 248 174 80 342 12 186 Fastest Speed 28 | 120 110 140 140 140 130 28 28 28 28 28 28 28 35 32 Average Speed 102 | 120 117 140 140 142 220 28 28 28 28 28 28 31 51 37 Slowest Speed 800 | 120 140 140 140 800 330 28 28 28 28 28 28 200 200 200 Overloaded Moves . | . . . . . . . . . . . . . . . Propulsion Burnouts . | . . . . . . . . . . . . . . . Robots Hopped 20 | . . . . . . 1 1 . . 1 . 14 2 1 Cave-ins Triggered . | . . . . . . . . . . . . . . . Exploration Rate (%) 50 | 2 94 99 66 70 80 25 17 77 48 9 67 16 54 35 Regions Visited 14 Branch Regions 8 Pre-discovered Areas 29 | . 1 . 1 . 1 . . 26 . . . . . . Known Exits Taken 5 | . 1 . . . . 1 . 1 1 . . 1 . . Unknown Exits Taken 7 | 1 . 1 1 1 1 . 1 . . . . . 1 . Scrap Searched 9 | . . 2 . 2 . . . . 2 . . . 2 1 Spaces Dug 37 | . . . . . 12 17 . 1 . 2 . 5 . . Terrain Destroyed 284 | . 48 21 . 13 94 65 . 1 23 2 . 6 . 11 Melee 25 | . . . . . . 17 . 1 . 2 . 5 . . Projectile 37 | . . . . . 36 . . . . . . . . 1 AOE 221 | . 48 21 . 13 58 48 . . 23 . . . . 10 Terrain Rammed 1 | . . . . . . . . . . . . 1 . . Walls Destroyed 1 | . . . . . . . . . . . . 1 . . Machines Disabled . | . . . . . . . . . . . . . . . Actions | -11 -10 -10 -10 -9 -8 -7 -7 -7 -6 -6 -6 -6 -6 -6 --------- Run | Jun Mat Min Exi Min Mat Fac Low Dat Pro Fac Was Fac Low Low Total 6693 | . 764 982 298 455 1316 1162 74 112 255 181 81 360 399 254 Wait 47 | . 28 2 . . 6 . . 7 . . . . . 4 Move 5951 | . 629 939 297 420 1006 1054 72 99 247 172 79 322 386 229 Hop 15 | . . . . . . 1 1 . . 1 . 9 2 1 Pick Up 74 | . 9 7 1 5 31 13 . . 1 1 2 1 1 2 Fast Attach 34 | . 1 . . 5 14 3 . . . . . 3 5 3 Attach 46 | . 3 1 . 3 16 12 . . 2 2 . 2 1 4 Detach 12 | . . . . 2 6 2 . . . . . 1 . 1 Swap 55 | . 10 2 . 5 25 9 . . 1 . . 3 . . Drop 86 | . 5 . . 8 44 15 . . 1 . . 9 4 . Fire 216 | . 33 31 . 7 133 3 . . 2 . . . . 7 Melee 83 | . 1 . . . 31 32 1 6 1 5 . 6 . . Ram 4 | . . . . . . . . . . . . 1 . 3 Kick . | . . . . . . . . . . . . . . . Crush . | . . . . . . . . . . . . . . . Escape Stasis 21 | . . . . . . 18 . . . . . 3 . . Rewire . | . . . . . . . . . . . . . . . Trap 49 | . 45 . . . 4 . . . . . . . . . Miscellaneous . | . . . . . . . . . . . . . . . Route ------- -11/Junkyard -10/Materials (discovered 4 exits: [*Mat x3] / *Min) -10/Mines (discovered 3 exits: [*Mat x2] / *Exi) -10/Exiles -9/Mines -8/Materials (discovered 2 exits: *Fac x2) -7/Factory -7/Lower Caves -7/Data Miner -6/Proximity Caves -6/Factory -6/Waste -6/Factory (discovered 3 exits: [*Fac] / *Low x2) -6/Lower Caves -6/Lower Caves History --------- Turn | Location | Event 1 | -11/Junkyard | Discovered new exit (range 0) 1 | -11/Junkyard | Entered Materials 50 | -10/Materials | Identified exit to Mines 182 | -10/Materials | Discovered new exit (range 9) 303 | -10/Materials | Build established: Mutant 309 | -10/Materials | Discovered new exit (range 16) 350 | -10/Materials | Central database locked down 511 | -10/Materials | Discovered new exit (range 9) 937 | -10/Materials | Entered Mines 984 | -10/Mines | Assisted by bots powering up and referring to "LRC-V3" 994 | -10/Mines | Assembled infested the area 1051 | -10/Mines | Learned Materials garrison access intel 1308 | -10/Mines | Discovered new exit (range 5) 1370 | -10/Mines | Deemed a non-threat by the Exiles lab entrance 1370 | -10/Mines | Discovered new exit (range 5) 1456 | -10/Mines | Learned Materials stockpile data 1465 | -10/Mines | Discovered new exit (range 11) 1607 | -10/Mines | Found a damaged Exp. Sensor Array with a note attached 1609 | -10/Mines | Found Prototype Device 2356 | -10/Mines | Entered Exiles 2390 | -10/Exiles | Met 8R-AWN 2414 | -10/Exiles | Met EX-HEX 2459 | -10/Exiles | Met EX-BIN 2475 | -10/Exiles | Met EX-DEC 2485 | -10/Exiles | Learned location of Zion (-6) 2761 | -10/Exiles | Discovered new exit (range 11) 2773 | -10/Exiles | Entered Mines 3062 | -9/Mines | Discovered new exit (range 14) 3239 | -9/Mines | Met a Derelict who couldn't figure out how to use a Trap Extractor 3256 | -9/Mines | Identified Exp. Sensor Array 3278 | -9/Mines | System corruption reached 10% 3418 | -9/Mines | Entered Materials 3418 | -8/Materials | Evolved 4 slots: Power x1, Propulsion x1, Utility x2 3420 | -8/Materials | Loaded intel: 1 garrison access location 4348 | -8/Materials | Build established: Scavenger-Mutant 5198 | -8/Materials | Garrison activated, responded to threat 5613 | -8/Materials | Discovered new exit (range 16) 5875 | -8/Materials | Discovered new exit (range 16) 5957 | -8/Materials | Build established: Mutant 6192 | -8/Materials | Entered Factory 6192 | -7/Factory | Evolved 2 slots: Propulsion x2 6572 | -7/Factory | Build established: Sprinter 6618 | -7/Factory | Discovered new exit (range 10) 6622 | -7/Factory | Identified exit to Lower Caves 6636 | -7/Factory | Entered Lower Caves 6650 | -7/Lower Caves | Destroyed 10 combat bots 6658 | -7/Lower Caves | A Derelict revealed a hidden shortcut to meet someone special 6660 | -7/Lower Caves | Entered Data Miner 6660 | -7/Data Miner | Discovered new exit (range 7) 6666 | -7/Data Miner | Met Data Miner 6673 | -7/Data Miner | Learned location of Section 7 (-2) 6673 | -7/Data Miner | Acquired the access code to Warlord's prototype stash 6675 | -7/Data Miner | Received God Mode back door access code from Data Miner 6680 | -7/Data Miner | Destroyed Data Miner 6682 | -7/Data Miner | Interfaced with the Data Conduit 6710 | -7/Data Miner | Identified exit to Proximity Caves 6710 | -7/Data Miner | Entered Proximity Caves 6756 | -6/Proximity Caves | Spotted B-75 Beast 6779 | -6/Proximity Caves | Attracted the attention of an 0b10 checkpoint 6785 | -6/Proximity Caves | Discovered new exit (range 10) 6791 | -6/Proximity Caves | Identified exit to Factory 6791 | -6/Proximity Caves | Entered Factory 6791 | -6/Factory | Evolved 2 slots: Utility x2 6792 | -6/Factory | Loaded intel: 286 machine locations 6856 | -6/Factory | Manually triggered Chute Trap 6856 | -6/Factory | Sucked down chute 6856 | -6/Factory | Entered Waste 6867 | -6/Waste | Spotted C-40 Crusher 6871 | -6/Waste | EMP discharged 6874 | -6/Waste | Spotted C-40 Crusher 6874 | -6/Waste | Spotted C-40 Crusher 6875 | -6/Waste | Spotted C-40 Crusher 6876 | -6/Waste | Spotted C-40 Crusher 6876 | -6/Waste | Discovered new exit (range 16) 6877 | -6/Waste | Spotted C-40 Crusher 6880 | -6/Waste | Identified exit to Factory 6881 | -6/Waste | Entered Factory 6882 | -6/Factory | Loaded intel: 227 machine locations 6946 | -6/Factory | System corruption reached 10% 6964 | -6/Factory | Identified exit to Lower Caves 6990 | -6/Factory | Discovered new exit (range 16) 7023 | -6/Factory | Entered Lower Caves 7046 | -6/Lower Caves | Lost 6 parts (1p1n3u1w) 7073 | -6/Lower Caves | Learned Factory non-interactive machine intel 7099 | -6/Lower Caves | Learned location of 1 exit from Proximity Caves 7146 | -6/Lower Caves | Core integrity fell below 50% 7229 | -6/Lower Caves | Discovered new exit (range 12) 7235 | -6/Lower Caves | Entered another Lower Caves area 7265 | -6/Lower Caves | Core integrity fell below 20% 7299 | -6/Lower Caves | Spotted B-75 Beast 7304 | -6/Lower Caves | Lost 3 parts (1p2w) 7332 | -6/Lower Caves | Encountered a Warlord checkpoint 7355 | -6/Lower Caves | Destroyed by B-75 Beast with Heavy Plasma Cannon Last Messages --------------- 07280_ VTOL Module self-destruct mechanism malfunctions. 07280_ Acquired 30 matter. 07281_ Acquired VTOL Module. 07283_ Lgt. Nuclear Core fries itself beyond repair. 07283_ Acquired VTOL Module. 07286_ System corrupted: Matter fused (-8). 07286_ Acquired Autogun. 07288_ Corrupted Lgt. Nuclear Core self-destruct mechanism malfunctions. 07329_ System corrupted: Matter fused (-5). 07332_ 3N-9UM(M): "Unaware activity is slow around here lately. Bring on the action!" 07333_ Searching scrap... 07333_ Found Bore Cannon. 07333_ Found 21 Matter. 07334_ Acquired 21 matter. 07334_ Acquired Bore Cannon. 07344_ HZN94&NL#DF7NDM8TXGM8R 07349_ Knocked back. 07355_ VTOL Module destroyed. 07355_ Riot Gun destroyed. Map ----- +----------------------------------------------------+ | ??????????????## #?## ##????????? | | ???????????????###???## ##??????# | | ??????????????????????## ## #??????## | | ???????????????????????# ##?? #####???? | | ???????????????????????# ## ##?? ### ##??? | | ???????????????????????## ### ### ### #??? | | ????????????????????????###?## ### ?## | | ?????????????????????????????# ### ### | | ?????????????????????????????## ### ## | | ??????????????????????????????# ### | | ??????????????????????????????# #### | | ???????????????????? ?????##??# ##?# #### | | ??????????????????? ????# ### #### #??# | | ???????????????????# ????# #?# #### | | ???????????????????# ????## ### | | ???????????????????# ?????## #### ### | | ??????????????###?## ?????# ####??####??## | | ??????????????# ## ?????# ###????????????## | | ??????????????# ?????## ##????###???????# | | ??????????????? ??????# ###### ##?????## | | ????????????????? ?????# ####### | | ?????????????????## ?????# | | ?????????????????# ???### ### | | ?????????????????# #### ### ## | | ?????????????????# BB ;% S ## | | ?????????????????# BB @% ## | | ???????????# ## #### #### | | ???????????# #####?# ##??## | | ???????????# ##### #?????# #????## | | ?????????????????# #?????# ## #?????# | | ?????????????????## ?????###### #?????? | | ??????????????????# #?????????## #????? | | ?????????????????# #??????????## #???? | | ?????????????????# ???????????# #??? | | ?????????????????# ## ??????????## #??? | | ?????????????????## #?# ????????????# ##??? | | ??????????????????## ##??? ????????????##???? | | ???????????????????# %????? ????????????????? | | ???????????????????# ?????# ???????????????### | | ???????????????????? ???????# ????????????????# | | ???????????????????????????????????????????????# | | ???????????????????????????????????????????????# | | ?????????????????????????????????????????????# | | ?????????????????????????????????????????????## | | ??????????????????????????????????????????????### | | ????????????????????????????????????????????????# | | ????????????????????????????????????????????????## | | ?????????????????????????????????????????????????? | | ?????????????????????????????????????????????????? | | ?????????????????????????????????????????????????? | +----------------------------------------------------+ Best States ------------- Heat Dissipation 58 Energy Generation 31 Energy Capacity 445 Matter Stores 300 Matter Capacity 300 Sight Range 16 Robot Scan Range 15 Terrain Scan Range 16 Terrain Scan Density 85 Jamming Range 14 Armor Coverage 600 Propulsion Shielding 66 Evasion (%) 64 Targeting Accuracy 5 Core Analysis 6 Recoil Reduction 3 Offensive Hacking 30 Defensive Hacking 20 Trap Extractor Capacity 6 Item Schematics ----------------- System Shield | -7/Factory | Scanalyzed Imp. Trap Extractor | -7/Factory | Scanalyzed Cesium-ion Thruster | -7/Factory | Scanalyzed Lgt. Armor Plating | -7/Factory | Scanalyzed Combat Drone Bay | -7/Data Miner | Free Lgt. Regenerative Plating | -7/Data Miner | Free Biomechanical Wings | -7/Data Miner | Free Exp. Power Shielding | -7/Data Miner | Free Com. Ion Cannon | -7/Data Miner | Free Antigrav System | -7/Data Miner | Free Adv. Cooling System | -7/Data Miner | Free Mass Driver | -7/Data Miner | Free Hvy. Siege Treads | -7/Data Miner | Free Remote Force Field | -6/Factory | Hacked Robot Schematics ------------------ O-24 Administrator | -7/Data Miner | Free G-50 Soldier | -7/Data Miner | Free M-22 Extractor | -7/Data Miner | Free S-27 Virus | -7/Data Miner | Free Fabricated ------------ Nothing Alien Tech Used ----------------- None Achievements -------------- None Challenges ------------ None Game ------ Seed UtilityHoverCasing Manual? 0 Play Time 01:08:24 Cumulative 209.8 hours Start 2023.01.31 @ 18:07:17 End 2023.01.31 @ 19:27:42 Sessions 1 Manual Loads 0 Difficulty Rogue Special Mode None Game No. 283 Rogue 283 Adventurer 0 Explorer 0 Win Type - Total 5 Types 1/0/3/0/0/0/1/0/0 Lore% 77 Gallery% 84 Achievement% 65 Wizard Run 0 Options --------- ASCII 0 Keyboard 0 Movement Numpad Keybinds 0 Fullscreen 1 Font 18/SmallcapsGlow Map View 76x50 Tactical HUD 1 Map Filters NONE Filters NONE Steam 1 RUN: c389018b-c3d4-4b96-b24b-ff7e9cc9ebb7